 Dungeon Crawl Stone Soup version 0.26.0-16-gc1dbca0489 (webtiles) character file.

Game seed: 734515031100702407

370 howech the Twirler (level 6, -8/52 HPs)
             Began as a Minotaur Gladiator on Jan 20, 2021.
             Killed from afar by Dowan (18 damage)
             ... with a shard of ice
             ... on level 4 of the Dungeon.
             The game lasted 00:07:16 (3145 turns).

howech the Twirler (Minotaur Gladiator)             Turns: 3145, Time: 00:07:18

Health: -8/52      AC:  3    Str: 18    XL:     6   Next: 42%
Magic:  5/5        EV: 14    Int:  5    God:
Gold:   208        SH:  0    Dex: 14    Spells: 5/5 levels left

rFire    . . .     SeeInvis .   a - +0 quarterstaff
rCold    . . .     Faith    .   (shield currently unavailable)
rNeg     . . .     Spirit   .   b - +0 leather armour
rPois    .         Reflect  .   c - +0 hat
rElec    .         Harm     .   (no cloak)
rCorr    .         Rampage  .   (no gloves)
Will     .....                  (no boots)
Stlth    +.........             (no amulet)
HPRegen  0.17/turn              (no ring)
MPRegen  0.09/turn              (no ring)

@: no status effects
A: retaliatory headbutt, horns 2
a: no special abilities


You were on level 4 of the Dungeon.
You visited 1 branch of the dungeon, and saw 4 of its levels.

You collected 208 gold pieces.

Inventory:

Hand Weapons
 a - a +0 quarterstaff (weapon)
Missiles
 d - 3 throwing nets (quivered)
 g - 8 javelins
Armour
 b - a +0 leather armour (worn)
 c - a +0 hat (worn)
Jewellery
 f - an uncursed amulet of magic regeneration {unknown}
 h - a cursed -4 ring of intelligence {unknown}
 i - an uncursed ring of ice {unknown}
Wands
 x - a wand of digging (1)
Scrolls
 j - a scroll of fog {unknown}
 m - 3 scrolls of remove curse {unknown}
 n - 3 scrolls of teleportation {unknown}
 o - a scroll of enchant weapon {unknown}
 q - a scroll of immolation {unknown}
 r - 3 scrolls of identify {unknown}
 t - 2 scrolls of magic mapping {unknown}
 v - a scroll of fear {unknown}
Potions
 e - a potion of brilliance {unknown}
 k - a potion of heal wounds {unknown}
 l - a potion of degeneration {unknown}
 p - 3 potions of curing {unknown}
 s - a potion of berserk rage {unknown}
 u - a potion of invisibility {unknown}
 w - a potion of magic {unknown}


   Skills:
 + Level 3.8 Fighting
 + Level 6.5 Staves
 + Level 2.1 Throwing
 + Level 2.6 Armour
 + Level 4.5 Dodging
 + Level 0.4 Stealth


You had 5 spell levels left.
You didn't know any spells.
Your spell library was empty.

Dungeon Overview and Level Annotations

Branches:
Dungeon (4/15)
 Temple: D:4-7

Altars:
Gozag
Xom

Shops:
D:4 [

Annotations:
D:4 Dowan


Innate Abilities, Weirdness & Mutations

You reflexively headbutt those who attack you in melee.
You have a pair of horns on your head.


Message History

Dowan is nearby!
Dowan casts a spell.
Dowan blinks!
Dowan is nearby!
Your leather armour prevents you from hitting Dowan.
Dowan is severely wounded.
Dowan hits you with a +0 dagger.
* * * LOW HITPOINT WARNING * * *
Dowan hits you but does no damage.
You barely miss Dowan.
Dowan is severely wounded.
Dowan gestures at you while chanting. The stone arrow misses you.
You closely miss Dowan.
Dowan is severely wounded.
Dowan hits you with a +0 dagger.
* * * LOW HITPOINT WARNING * * *
Dowan casts a spell at you. The shard of ice hits you!!
You die...

#####..##.###>##
#..............#
#.#######.###..####
#.# #.###.....#
#.##### #..###.##.####
#..)..###...##.##.....
#####...#.#.##.#######
#e#..∩.§##.#
#@###.####.# #.# #.#
#.# #.# #># #. #.# #.#
..#######.# #.#
......)...# #..
..######### ###


You could see Dowan (fast).

Vanquished Creatures
  Duvessa (D:4)
  A water moccasin zombie (D:2)
  2 worker ants (D:4)
  3 gnolls (D:2)
  6 adders
  3 worms
  2 dart slugs
  3 leopard geckos
  An orc (D:3)
  11 bats
  A giant cockroach (D:4)
  5 goblins
  10 hobgoblins
  6 jackals (D:2)
  5 frilled lizards
  9 kobolds
  11 rats
80 creatures vanquished.

Notes
Turn   | Place    | Note
-------+----------+-------------------------------------------
     0 | D:1      | howech the Minotaur Gladiator began the quest for the Orb.
     0 | D:1      | Reached XP level 1. HP: 18/18 MP: 0/0
   200 | D:1      | Reached skill level 4 in Staves
   200 | D:1      | Reached XP level 2. HP: 20/25 MP: 1/1
   730 | D:2      | Reached XP level 3. HP: 12/30 MP: 2/2
  1017 | D:2      | Found a shimmering altar of Xom.
  1095 | D:2      | Reached skill level 5 in Staves
  1095 | D:2      | Reached skill level 1 in Armour
  1095 | D:2      | Reached XP level 4. HP: 3/38 MP: 3/3
  1705 | D:2      | Reached XP level 5. HP: 45/45 MP: 4/4
  1994 | D:3      | Found a faded altar of an unknown god.
  2098 | D:3      | Found an opulent altar of Gozag.
  2843 | D:4      | Reached skill level 6 in Staves
  2985 | D:4      | Found an opulent altar of Gozag.
  3077 | D:4      | Reached XP level 6. HP: 51/51 MP: 5/5
  3077 | D:4      | Found Obrack's Antique Armour Shop.
  3093 | D:4      | Noticed Dowan
  3095 | D:4      | Noticed Duvessa
  3113 | D:4      | Killed Duvessa
  3145 | D:4      | Killed from afar by Dowan

Illustrated notes

Levels and vault maps discovered:
D:1:      heliophobic_arrival_battle_scene, layout_loops_cross
D:2:      layout_loops_cross, lemuel_coloured_pillars_altar, kennysheep_boxes
D:3:      layout_basic, chequers_ecumenical_altar_simple, grunt_gozag_statues
D:4:      wander_river, layout_loops_ring,
          pdpol_temple_overflow_zin_treasury_gozag_greed, serial_shops,
          nicolae_shop_crystal, uniq_sigmund, uniq_duvessa,
          uniq_crazy_yiuf_cottage

Skill      XL: |  1  2  3  4  5 |
---------------+----------------+-----
Staves         | 4 5 6 |  6.5
Fighting       | 3 |  3.8
Armour         | 1 2 |  2.6
Dodging        | 4 |  4.5
Throwing       | |  2.1
Stealth        | |  0.4

Action                   |  1- 3 |  4- 6 || total
-------------------------+-------+-------++-------
Melee: Quarterstaff      |    70 |   116 ||   186
       Headbutt          |    10 |    18 ||    28
Throw: Throwing net      |       |     1 ||     1
 Stab: Sleeping          |       |     1 ||     1
Armor: Leather armour    |    26 |    18 ||    44
Dodge: Dodged            |    51 |    75 ||   126
